 Dungeon Crawl Stone Soup version 0.32-a0-132-g2d33c3cfaf (webtiles) character file.

Game seed: 15849834483489894427

10693 SmokeWeed the Thaumaturge (level 11, -5/49 HPs)
             Began as a Spriggan Conjurer on Feb 10, 2024.
             Was an Initiate of Gozag.
             Slain by a cane toad (19 damage)
             ... on level 1 of the Lair of Beasts.
             The game lasted 00:45:50 (10138 turns).

SmokeWeed the Thaumaturge (Spriggan Conjurer)      Turns: 10138, Time: 00:45:51

Health: -5/49      AC:  6    Str:  3    XL:     11   Next: 39%
Magic:  12/25      EV: 19    Int: 24    God:    Gozag
Gold:   1051       SH:  0    Dex: 14    Spells: 4/28 levels left

rFire   + . .        F - staff of conjuration
rCold   + . .        (shield currently unavailable)
rNeg    . . .        a - +0 robe
rPois   .            (helmet restricted)
rElec   .            o - scarf {rC+ rF+}
rCorr   .            (gloves unavailable)
SInv    +            (boots unavailable)
Will    +....        s - amulet of magic regeneration
Stlth   +++          k - ring of flight
HPRegen 0.28/turn    u - +4 ring of protection
MPRegen 0.59/turn

%: no passive effects
@: gold aura, flying, very quick
A: very small, no large weapons, unfitting armour, see invisible, speed 3
a: Renounce Religion, Potion Petition, Call Merchant, Bribe Branch


You were on level 1 of the Lair of Beasts.
You worshipped Gozag.
Gozag was most pleased with you.
You visited 3 branches of the dungeon, and saw 11 of its levels.

You collected 1127 gold pieces.
You paid 76 gold pieces to Gozag.

Inventory:

Hand Weapons
 d - a +2 dagger of holy wrath
 h - a +0 dagger
 r - a +0 dagger of venom
 v - a +0 shortbow
 y - a +2 vampiric dagger
 E - a +4 quarterstaff
 N - a +6 short sword
Missiles
 C - a throwing net
 K - 21 poisoned darts
Armour
 a - a +0 robe (worn)
 c - a +1 cloak
 o - a scarf of resistance (worn)
Magical Staves
 f - the staff of Deflation {rF+ rCorr Int-4 Dex+5 Fire Air}
   (You took it off a kobold on level 3 of the Dungeon)

   [staff of fire]

   Base accuracy: +5 Base damage: 5 Base attack delay: 1.2 This weapon's minimum
   attack delay (0.6) is reached at skill level 12.
   Int-4:     It affects your intelligence (-4).
   Dex+5:     It affects your dexterity (+5).
   rF+:       It protects you from fire.
   rCorr:     It protects you from acid and corrosion.
   Fire:      It increases the power of your Fire spells.
   Air:       It increases the power of your Air spells.
   It falls into the 'Staves' category.
   It is a two-handed weapon.
 g - a staff of fire
 F - a staff of conjuration (weapon)
Jewellery
 k - a ring of flight (left hand)
 s - an amulet of magic regeneration (around neck)
 u - a +4 ring of protection (right hand)
 z - a ring of protection from fire
 L - a ring of fire
Wands
 A - a wand of quicksilver (14)
 I - a wand of flame (42)
 J - a wand of digging (2)
Scrolls
 m - 3 scrolls of immolation
 t - 4 scrolls of poison
 w - 3 scrolls of revelation
 x - 2 scrolls of torment
 O - 2 scrolls of identify
Potions
 e - 4 potions of attraction
 i - 3 potions of degeneration
 l - a potion of curing
 n - 2 potions of lignification
 q - a potion of cancellation
 D - a potion of enlightenment
 H - 2 potions of mutation


   Skills:
 - Level 1.1 Fighting
 - Level 1.7 Short Blades
 - Level 2.5 Staves
 - Level 6.2 Dodging
 - Level 6.7 Stealth
 - Level 9.2 Spellcasting
 - Level 6.2 Conjurations
 + Level 2.3 Summonings
 - Level 8.1 Translocations
 - Level 9.2 Fire Magic
 - Level 3.2 Evocations


You had 4 spell levels left.
You knew the following spells:

 Your Spells              Type           Power      Damage    Failure   Level
a - Magic Dart            Conj           100%       1d8       1%          1
b - Searing Ray           Conj           100%       2d8       1%          2
c - Iskenderun's Mystic   Conj/Tloc      62%        2d13      3%          4
d - Fireball              Conj/Fire      32%        3d14      7%          5
e - Dragon's Call         Summ           11%        N/A       100%        9
f - Volatile Blastmotes   Fire/Tloc      100%       2d18      1%          3

Your spell library contained the following spells:

 Spells                   Type           Power      Damage    Failure   Level
 Fulminant Prism          Conj/Alch      19%        3d10      16%         4
 Cause Fear               Hex            5%         N/A       50%         4


Dungeon Overview and Level Annotations

Branches:
Dungeon (9/15)             Temple (1/1) D:4            Lair (1/5) D:9
    Orc: D:9-12

Altars:
Elyvilon
Fedhas
Gozag
Kikubaaqudgha
Nemelex Xobeh
Okawaru
Qazlal
Ru
Sif Muna
Trog
Uskayaw
Wu Jian
Xom
Yredelemnul
Zin

Annotations:
D:3 3 runed translucent doors, DeathSocks's ghost, amateur VSDe
D:5 3 runed translucent doors, Biggs's ghost, novice VSMo
D:7 Joseph
D:9 exclusion: obsidian statue
Lair:1 Grum


Innate Abilities, Weirdness & Mutations

You are very small and have problems with some larger weapons.
You are too small for most types of armour.
You have supernaturally acute eyesight. (SInv)
You cover ground extremely quickly. (Speed+++)


Message History

Aiming: Searing Ray (safe; 1% risk of failure)
Press: ? - help, Q - select action, (/) - cycle Shift-Dir - straight line, f - cane toad
Aim: a cane toad (heavily wounded, unaware, hasn't noticed you, 85% to hit)
You feel a surge of power!
The searing ray hits the cane toad!
The cane toad is severely wounded.
The cane toad is no longer distracted by gold.
The cane toad croaks.
The searing ray hits the yak!
You kill the yak! (Press . to maintain the ray.)
The cane toad is distracted by your dazzling golden aura.
You are too injured to fight recklessly!
Aiming: Searing Ray (safe; 1% risk of failure)
Press: ? - help, Q - select action, (/) - cycle Shift-Dir - straight line, f/p - cane toad
Aim: a cane toad (severely wounded, unaware, hasn't noticed you, 85% to hit)
You feel a surge of power!
The searing ray hits the cane toad.
The cane toad is severely wounded.
The cane toad is no longer distracted by gold.
The cane toad gives a loud, deep croak! (Press . to maintain the ray.)
The cane toad misses you.
The searing ray misses the cane toad.
The cane toad stings you but does no damage.
The searing ray hits the cane toad.
The cane toad is almost dead.
The cane toad misses you.
The searing ray hits the cane toad.
The cane toad is almost dead.
You finish channelling your searing ray.
The cane toad closely misses you. x2
Aiming: Searing Ray (safe; 1% risk of failure)
Press: ? - help, Q - select action, (/) - cycle Shift-Dir - straight line, f/p - cane toad
Aim: a cane toad (water, almost dead, 85% to hit)
You feel a surge of power!
The searing ray hits the cane toad but does no damage.
The cane toad is almost dead. (Press . to maintain the ray.)
The cane toad stings you!!
You die...
Your body crumbles into a pile of gold.

#..# ##≈≈≈≈~.~##
##........ ##.##
###≈≈≈~~≈~~~# #####.$..
#..# #≈≈≈≈≈~~≈~~.#
#.... ##..#
###≈≈≈≈~~≈~~# ##.?.
#..## ######~≈≈..# #...
#..## ##..##.~~~~~#
#... #...#
##.####~~~.~.# #$..
##..#####.## #~~..~.##
##... #...##....#
#~@F~~~.#######....
.........##
##.~~~~.$.....$.....
.........#
#...~~~......$......
...#....##
##..~~~...########P..
#####...$####..~.~~~.##
###. #
#...$Y.$...~≈~.~.# #.
####...###P.~..~.# ##
##### ##~~~≈.## #
#~.≈~~≈# #


You could see a cane toad.

Vanquished Creatures
  3 two-headed ogres
  An arcanist (D:9)
  Pikel (D:7)
  A cyclops (D:9)
  A black mamba (Lair:1)
  An efreet (D:9)
  2 komodo dragons
  A tengu conjurer (D:9)
  A troll (D:9)
  A wyvern (D:9)
  A vampire (D:9)
  12 yaks
  A vampire mosquito (D:8)
  Edmund (D:6)
  5 water moccasins
  4 orc warriors (D:8)
  2 ice beasts (D:6)
  4 centaurs
  3 lemures (D:7)
  4 wolves (Lair:1)
  A kobold brigand (D:8)
  6 bullfrogs
  4 scorpions
  5 wights (D:7)
  A killer bee (D:8)
  6 howler monkeys
  A gnoll bouda (D:5)
  4 orc priests
  A hound (D:5)
  8 orc wizards
  5 iguanas
  A sleepcap (D:6)
  Robin (D:3)
  12 gnolls
  8 adders
  A shadow imp (D:6)
  3 white imps
  2 ufetubi (D:5)
  4 dart slugs
  2 ribbon worms
  35 orcs
  8 endoplasms
  2 giant cockroaches (D:2)
  19 goblins
  4 hobgoblins
  6 kobolds
  6 quokkas
  8 ball pythons
  7 bats
  A frilled lizard (D:3)
  3 rats (D:1)
225 creatures vanquished.

Vanquished Creatures (others)
  A goblin (D:3)
1 creature vanquished.

Grand Total: 226 creatures vanquished

Notes
Turn   | Place    | Note
-------+----------+-------------------------------------------
     0 | D:1      | SmokeWeed the Spriggan Conjurer began the quest for the
                  | Orb.
     0 | D:1      | Reached XP level 1. HP: 9/9 MP: 5/5
   300 | D:1      | Reached XP level 2. HP: 13/13 MP: 3/6
  1067 | D:2      | Learned a level 2 spell: Searing Ray
  1154 | D:2      | Reached XP level 3. HP: 16/16 MP: 5/8
  2342 | D:3      | Reached XP level 4. HP: 21/21 MP: 4/10
  2446 | D:3      | Noticed Robin
  2479 | D:3      | Killed Robin
  2607 | D:3      | Identified the staff of Deflation {rF+ rCorr Int-4 Dex+5
                  | Fire Air}
  2803 | D:3      | Found a runed translucent gate.
  2804 | D:3      | Found a runed translucent gate.
  2805 | D:3      | Found a runed translucent gate.
  2806 | D:3      | Identified the +9 short sword of Geyn {venom, rF+ Int+3}
  2806 | D:3      | Identified the +1 ring mail of the Ward {rF+}
  2806 | D:3      | Noticed DeathSocks's ghost (amateur VSDe)
  2936 | D:3      | Learned a level 4 spell: Iskenderun's Mystic Blast
  3284 | D:4      | Noticed a centaur
  3291 | D:4      | Killed a centaur
  3292 | D:4      | Reached skill level 1 in Translocations
  3292 | D:4      | Reached XP level 5. HP: 14/24 MP: 4/12
  3371 | D:4      | Reached skill level 1 in Short Blades
  3807 | D:4      | Reached XP level 6. HP: 28/28 MP: 2/14
  3846 | D:4      | Found a staircase to the Ecumenical Temple.
  3944 | D:4      | Found a blossoming altar of Fedhas.
  3987 | Temple   | Entered the Ecumenical Temple
  4060 | Temple   | Became a worshipper of Gozag Ym Sagoz the Greedy
  4117 | D:5      | Entered Level 5 of the Dungeon
  4117 | D:5      | Noticed Biggs's ghost (novice VSMo)
  4117 | D:5      | Found a runed translucent gate.
  4117 | D:5      | Found a runed translucent gate.
  4117 | D:5      | Found a runed translucent gate.
  4273 | D:5      | Reached skill level 5 in Spellcasting
  4364 | D:5      | Noticed a water moccasin
  4397 | D:5      | Killed a water moccasin
  4398 | D:5      | Reached XP level 7. HP: 9/32 MP: 11/16
  4789 | D:5      | Reached skill level 5 in Stealth
  5026 | D:6      | Noticed a yak
  5028 | D:6      | Noticed a yak
  5030 | D:6      | Noticed a yak
  5036 | D:5      | Reached skill level 5 in Conjurations
  5119 | D:6      | Noticed Edmund
  5154 | D:6      | Killed Edmund
  5155 | D:6      | Reached skill level 5 in Translocations
  5155 | D:6      | Reached XP level 8. HP: 26/37 MP: 16/18
  5455 | D:6      | Reached skill level 1 in Evocations
  5462 | D:6      | Reached skill level 5 in Dodging
  6086 | D:7      | Noticed Pikel
  6117 | D:7      | Killed Pikel
  6118 | D:7      | Reached skill level 1 in Fighting
  6118 | D:7      | Reached skill level 1 in Staves
  6118 | D:7      | Reached XP level 9. HP: 40/41 MP: 9/22
  6523 | D:7      | Noticed Joseph
  6798 | D:8      | Noticed a two-headed ogre
  6828 | D:8      | Killed a two-headed ogre
  7006 | D:8      | Learned a level 5 spell: Fireball
  7016 | D:8      | Learned a level 9 spell: Dragon's Call
  7142 | D:8      | Reached skill level 1 in Fire Magic
  7422 | D:8      | Reached XP level 10. HP: 45/45 MP: 21/24
  7656 | D:8      | Noticed a two-headed ogre
  7666 | D:8      | Killed a two-headed ogre
  7732 | D:8      | Identified the +9 chain mail of the Iron City of Dis
                  | {+Blink Fly}
  8256 | D:9      | Noticed an obsidian statue
  8287 | D:9      | Noticed a smoke demon
  8484 | D:9      | Found a staircase to the Lair.
  8511 | D:9      | Learned a level 3 spell: Volatile Blastmotes
  8834 | D:9      | Reached skill level 5 in Fire Magic
  9056 | D:9      | Noticed a two-headed ogre
  9134 | D:9      | Killed a two-headed ogre
  9404 | D:9      | Noticed an arcanist
  9422 | D:9      | Killed an arcanist
  9424 | D:9      | Noticed a cyclops
  9431 | D:9      | Reached XP level 11. HP: 26/49 MP: 18/25
  9436 | D:9      | HP: 2/49 [cyclops (26)]
  9525 | D:9      | Noticed a centaur warrior
  9727 | Lair:1   | Entered Level 1 of the Lair of Beasts
  9953 | Lair:1   | Noticed Grum
 10062 | Lair:1   | Reached skill level 1 in Summonings
 10138 | Lair:1   | Slain by a cane toad

Illustrated notes

Levels and vault maps discovered:
D:1:      minmay_arrival_pointy, layout_rooms
D:2:      layout_loops_corners, minmay_fractal_squares_gapless_5
D:3:      layout_basic, biasface_ghost_orc_armoury, uniq_robin
D:4:      layout_rooms, nicolae_overflow_crystal_walls,
          mainiacjoe_overflow_boulevard, minmay_temple_entry_purple_smoke
D:5:      layout_rooms, gammafunk_ghost_nasty_kobolds, dreamdust_princess_bridge
D:6:      layout_rooms, uniq_edmund
D:7:      layout_basic, uniq_joseph, uniq_pikel
D:8:      minmay_clustersquares, layout_loops_ring
D:9:      hangedman_cross_veins, layout_grid_maze, david_lair_shrubbed,
          minivault_16
Temple:   dpeg_chambers_temple
Lair:1:   layout_layer_cave, chequers_serial_rivers_large_a, grunt_megastairs_5,
          uniq_grum

Skill      XL: |  1  2  3  4  5  6  7  8  9 10 11 |
---------------+----------------------------------+-----
Conjurations   | 3 4 5 6 |  6.2
Spellcasting   | 3 4 5 6 8 9 |  9.2
Dodging        | 3 5 6 |  6.2
Translocations | 1 2 3 5 7 8 |  8.1
Short Blades   | 1 |  1.7
Stealth        | 4 5 6 |  6.7
Evocations     | 2 3 |  3.2
Fighting       | 1 |  1.1
Staves         | 1 2 |  2.5
Fire Magic     | 1 8 9 |  9.2
Summonings     | 2 |  2.3

Action                     |  1- 3 |  4- 6 |  7- 9 | 10-12 || total
---------------------------+-------+-------+-------+-------++-------
  Melee: Dagger            |    17 |    34 |     4 |       ||    55
         Unarmed           |     2 |       |       |       ||     2
         Punch             |       |       |     2 |       ||     2
         Staff             |       |       |     3 |    13 ||    16
  Throw: Dart              |       |       |       |     1 ||     1
   Cast: Magic Dart        |    83 |    59 |    46 |    45 ||   233
         Searing Ray       |     5 |    33 |    76 |    72 ||   186
         Iskenderun's Myst |       |       |     4 |    21 ||    25
         Volatile Blastmot |       |       |       |     1 ||     1
         Fireball          |       |       |       |     3 ||     3
  Evoke: Wand              |       |       |    13 |     1 ||    14
    Use: Scroll            |     5 |     3 |     7 |     6 ||    21
         Potion            |       |       |     1 |     4 ||     5
   Stab: Sleeping          |       |     5 |       |       ||     5
         Distracted        |       |       |       |     1 ||     1
 Armour: Robe              |    13 |    25 |    49 |    67 ||   154
  Dodge: Dodged            |    42 |    47 |    61 |    82 ||   232

Table legend: (Time is in decaauts)
 A = Elapsed time spent in this place.
 B = Non-inter-level travel time spent in this place.
 C = Inter-level travel time spent in this place.
 D = Time resting spent in this place.
 E = Time spent auto-exploring this place.
 F = Levels seen in this place.
 G = Mean time per level.
                   A        B        C        D        E       F      G
               +--------+--------+--------+--------+--------+-----+--------+
         Total |   7711 |   7482 |    229 |    795 |   4598 |  11 |  701.0 |
       Dungeon |   7352 |   7137 |    215 |    795 |   4465 |   9 |  816.9 |
        Temple |     58 |     45 |     13 |      0 |      0 |   1 |   58.0 |
          Lair |    299 |    299 |      0 |      0 |    132 |   1 |  299.0 |
               +--------+--------+--------+--------+--------+-----+--------+

Top non-repeatable levels by time:
     D:9: 1135 daAuts
     D:2: 1082 daAuts
     D:8: 1059 daAuts
     D:6: 746 daAuts
     D:5: 719 daAuts
     D:3: 709 daAuts
     D:1: 707 daAuts
     D:4: 649 daAuts
     D:7: 542 daAuts
  Lair:1: 299 daAuts
  Temple: 58 daAuts
